Map: Backwater LE

Players

axu

  • Race: Protoss Protoss
  • League: Platinum
  • Spawn Location: 11:00

ieee - Winner!

  • Race: Terran Terran
  • League: Gold
  • Spawn Location: 5:00

VOD

Have the link to the VOD?

Description

Time

  • Played on: March 23, 2018, 1:47 p.m.
  • Length: 10:58
Show
View Real Time Build Order
Export as new Build Order

axu Protoss 

Build Orders: 1 Gate Expand 

Get SALT Encoding   

  12  0:00  Probe  
  13  0:13  Probe  
  14  0:22  Pylon  
  14  0:29  Probe  
  15  0:41  Gateway, Probe  
  16  0:52  Assimilator  
  16  0:53  Probe (Chrono Boost)  
  18  1:05  Probe (Chrono Boost)  
  18  1:10  Probe (Chrono Boost)  
  19  1:19  Probe  
  20  1:32  Nexus  
  20  1:44  Cybernetics Core  
  20  1:48  Probe  
  20  1:52  Assimilator  
  21  2:15  Gateway  
  20  2:19  Adept (Chrono Boost)  
  22  2:25  Pylon  
  22  2:33  Probe  
  23  2:46  Probe  
  23  2:58  Adept  
  25  3:00  Probe (Chrono Boost)  
  26  3:11  Probe (Chrono Boost)  
  27  3:17  Probe x2 (Chrono Boost)  
  29  3:22  Pylon  
  30  3:27  Probe, Warp Gate  
  30  3:34  Stargate  
  29  3:49  Stalker x2  
  29  3:55  Twilight Council, Probe (Chrono Boost)  
  34  3:56  Probe (Chrono Boost)  
  35  4:05  Probe (Chrono Boost)  
  35  4:06  Probe (Chrono Boost)  
  37  4:10  Probe x2 (Chrono Boost)  
  37  4:14  Oracle (Chrono Boost)  
  39  4:22  Probe x2  
  44  4:28  Blink (Chrono Boost)  
  44  4:34  Probe x2  
  44  4:38  Assimilator  
  46  4:42  Assimilator  
  46  4:46  Probe x2  
  48  4:55  Stalker x2  
  48  4:58  Probe x2  
  54  5:10  Robotics Facility  
  54  5:22  Nexus  
  54  5:46  Gateway  
  54  5:47  Gateway  
  54  5:48  Gateway  
  54  5:51  Gateway  
  54  5:57  Pylon  
  54  5:59  Pylon  
  54  6:15  Probe x2  
  54  6:16  Stalker x2  
  60  6:19  Immortal (Chrono Boost)  
  64  6:25  Charge  
  64  6:28  Probe x2  
  67  6:40  Probe x3 (Chrono Boost)  
  69  6:47  Forge  
  69  6:48  Forge  
  69  6:49  Probe (Chrono Boost)  
  69  6:50  Gateway  
  69  6:51  Observer, Probe (Chrono Boost)  
  69  6:52  Gateway  
  72  6:58  Probe  
  72  6:59  Probe  
  72  7:00  Probe  
  75  7:08  Pylon  
  75  7:10  Probe  
  75  7:11  Probe  
  75  7:12  Probe  
  78  7:25  Observer  
  79  7:32  Pylon  
  79  7:37  Pylon  
  79  7:46  Assimilator  
  79  7:49  Assimilator  
  79  7:51  Photon Cannon  
  79  7:53  Pylon  
  79  7:54  Photon Cannon  
  79  7:56  Pylon  
  79  8:16  Stalker x3  
  79  8:17  Stalker x3  
  79  8:18  Stalker x2  
  95  8:42  Probe x2  
  95  8:43  Probe  
  98  8:51  Templar Archives  
  98  8:54  Probe  
  60  9:10  Stalker x4  
  62  9:22  Immortal (Chrono Boost)  
  60  9:35  Templar Archives  
  58  9:50  Stalker x2  
  58  9:52  Immortal (Chrono Boost)  
  64  10:26  Gateway  
  64  10:27  Gateway  
  64  10:29  Gateway  
  62  10:41  Stalker x2  
Show
View Real Time Build Order
Export as new Build Order

ieee Terran - Winner!

Build Orders: MMM Bio 

Get SALT Encoding   

  12  0:01  SCV  
  13  0:13  SCV  
  14  0:22  Supply Depot  
  14  0:25  SCV  
  15  0:44  Barracks, SCV  
  15  0:47  Refinery  
  16  0:56  SCV  
  17  1:00  Refinery  
  17  1:08  SCV  
  18  1:20  SCV  
  19  1:32  Reaper, SCV  
  21  1:43  Command Center  
  21  1:46  SCV  
  22  1:58  SCV  
  23  2:11  Barracks Tech Lab  
  23  2:13  Barracks  
  23  2:16  Factory  
  23  2:31  Supply Depot  
  23  2:34  Orbital Command  
  23  2:57  Supply Depot  
  23  2:58  Stimpack, Marine  
  24  3:00  Barracks Tech Lab  
  24  3:02  SCV  
  24  3:04  SCV  
  26  3:10  Factory Tech Lab  
  26  3:18  SCV  
  27  3:21  SCV  
  27  3:24  Concussive Shells  
  28  3:30  SCV  
  28  3:34  SCV  
  30  3:42  SCV  
  30  3:46  SCV, Siege Tank  
  34  3:54  SCV  
  35  3:58  SCV  
  35  3:59  Supply Depot  
  36  4:04  Marauder x2  
  36  4:06  SCV  
  41  4:10  SCV  
  41  4:16  Engineering Bay  
  42  4:18  Engineering Bay  
  42  4:19  SCV  
  42  4:22  Refinery, SCV  
  44  4:26  Refinery  
  44  4:31  SCV  
  45  4:34  SCV  
  46  4:40  Siege Tank  
  46  4:43  SCV  
  46  4:45  Starport  
  50  4:46  SCV  
  50  4:49  Missile Turret  
  50  4:51  Missile Turret  
  50  4:52  Missile Turret  
  51  4:55  SCV  
  52  5:01  Terran Infantry Weapons Level 1, Terran Infantry Armor Level 1  
  52  5:04  Marauder  
  54  5:08  Marauder  
  54  5:10  Missile Turret  
  56  5:17  Siege Tank  
  59  5:22  SCV  
  59  5:24  Starport Reactor  
  59  5:27  Supply Depot  
  60  5:35  SCV  
  61  5:39  Marine  
  61  5:41  Combat Shields  
  62  5:49  Marine  
  63  5:50  SCV  
  63  5:51  Supply Depot  
  64  5:57  Marine  
  65  6:05  SCV  
  65  6:06  SCV  
  67  6:13  Supply Depot  
  67  6:14  Marine  
  67  6:15  Marine  
  67  6:17  SCV  
  70  6:18  SCV  
  70  6:19  Widow Mine  
  70  6:20  Medivac x2  
  77  6:29  SCV  
  78  6:34  Armory, Marine  
  78  6:36  Supply Depot  
  79  6:40  Widow Mine  
  81  6:48  Command Center  
  81  7:01  Supply Depot  
  81  7:02  Medivac  
  81  7:03  Medivac  
  81  7:04  Marine x2  
  87  7:22  Marine x2  
  88  7:23  Supply Depot  
  89  7:40  Marine  
  90  7:46  Supply Depot  
  90  7:57  Viking x2  
  94  8:03  Marine  
  94  8:04  Marine  
  96  8:09  Supply Depot  
  96  8:11  Missile Turret  
  96  8:18  SCV  
  96  8:19  SCV  
  98  8:21  Marine, SCV  
  98  8:22  Marine  
  101  8:30  SCV  
  101  8:31  SCV  
  101  8:33  SCV  
  104  8:37  Terran Infantry Weapons Level 2  
  104  8:38  Terran Infantry Armor Level 2  
  104  8:39  Marine x2  
  104  8:40  Barracks, Supply Depot  
  106  8:42  SCV  
  106  8:43  SCV  
  106  8:45  SCV  
  109  8:57  Marine  
  101  9:55  Medivac x2, Siege Tank  
  101  9:57  Marine x2  
  108  10:14  Marine  
  108  10:15  Marine  
  113  10:32  Marine  
  113  10:33  Marine  
Tags
 
Composition
MMM Bio
Matchup
PvT
Spawn Locations
Cross Positions
Add a new tag
Caveats
  • Supply blocks, unpowered buildings, or Contaminate may cause inaccurate times.
  • Supply counts are checked every 10 seconds.